 Dungeon Crawl Stone Soup version 0.22.1-6-g1668fe2 (webtiles) character file.

44 Kairos the Skirmisher (level 3, -2/20 HPs)
             Began as a Vine Stalker Fighter on Jan 23, 2019.
             Killed from afar by Sigmund (6 damage)
             ... with a magic dart
             ... on level 2 of the Dungeon.
             The game lasted 00:02:29 (1262 turns).

Kairos the Skirmisher (Vine Stalker Fighter)        Turns: 1262, Time: 00:02:30

Health: -2/20      AC:  6    Str: 19    XL:     3   Next: 62%
Magic:  0/4        EV:  9    Int:  8    God:
Gold:   47         SH:  4    Dex: 13    Spells: 2/2 levels left

rFire    . . .     SeeInvis .   a - +0 war axe
rCold    . . .     Gourm    .   e - +0 buckler (curse)
rNeg     . . .     Faith    .   b - +0 scale mail
rPois    .         Spirit   +   (no helmet)
rElec    .         Reflect  .   (no cloak)
rCorr    .         Harm     .   (no gloves)
MR       .....                  (no boots)
Stlth    ..........             (no amulet)
HPRegen  0.06/turn              (no ring)
MPRegen  0.09/turn              (no ring)

@: no status effects
A: fangs 2, magic shield, antimagic bite, no potion heal 3, rot immunity
a: no special abilities


You were on level 2 of the Dungeon.
You were very hungry.

You visited 1 branch of the dungeon, and saw 2 of its levels.

You collected 47 gold pieces.

Inventory:

Hand Weapons
 a - a +0 war axe (weapon)
Armour
 b - a +0 scale mail (worn)
 c - a +0 shield
 e - a cursed +0 buckler (worn)
Scrolls
 g - a scroll of amnesia
Potions
 d - a potion of might
 h - a potion of curing {unknown}
 i - a potion of heal wounds {unknown}
 k - 2 potions of agility {unknown}
 l - 2 potions of flight {unknown}
 m - a potion of cancellation {unknown}
Comestibles
 f - 2 rations


   Skills:
 + Level 3.0 Fighting
 + Level 2.3 Axes
 + Level 2.9 Armour
 + Level 0.1 Dodging
 + Level 3.0 Shields


You had 2 spell levels left.
You didn't know any spells.
Your spell library was empty.

Dungeon Overview and Level Annotations

Branches:
Dungeon (2/15)

Altars:

Annotations:
D:2 Sigmund


Innate Abilities, Weirdness & Mutations

You have extremely sharp teeth.
When hurt, damage is shared between your health and your magic reserves.
Your bite disrupts and absorbs the magic of your enemies.
Potions cannot restore your health.
You are immune to rotting.


Message History

You kill the bat!
Things that are here:
a club x2; a goblin corpse You hear a splashing noise.
Sigmund hits the plant with a scythe.
You see here a scroll labeled GOULOOVESA.
As you read the scroll labeled GOULOOVESA, it crumbles to dust.
The creatures around you are filled with an inner flame!
It was a scroll of immolation.
Sigmund points at you and mumbles some strange words.
You are confused.
You're too confused to move!
You're too confused to move!
Sigmund hits you with a scythe!
* * * LOW HITPOINT WARNING * * *
You feel less confused. Sigmund barely misses you.
Sigmund points at you and mumbles some strange words.
The magic dart hits you!
You die...

# # ##### . ....... .. #
###....########## .## #
#......##.......# ..#
#####.#....##.......# ##..
...........♣≈♣@.....# #.. ##
#####.#...≈♣♣♣♣.@...# #.##(##
#####.#..♣♣≈≈P≈≈....###.#...#
........♣♣≈≈♣≈≈≈....)....#
#####.##≈≈≈PP≈≈≈♣.......#...#
#..♣≈≈♣≈≈♣♣≈≈≈......##.##
###♣♣≈≈≈≈≈≈≈≈≈♣.......#.#
#..P♣P≈≈≈≈≈≈≈P♣♣.......#.
##.#♣≈≈≈P≈≈≈♣≈♣P≈.##...###. #
#...♣♣≈≈P≈≈≈≈≈≈♣≈###....# ).


You could see Sigmund (inner flame).

Vanquished Creatures
  A worm (D:2)
  A dart slug (D:1)
  A ball python (D:2)
  2 giant cockroaches (D:1)
  6 goblins
  5 hobgoblins
  4 jackals (D:1)
  7 bats
  A frilled lizard (D:1)
  5 kobolds (D:1)
  5 rats (D:1)
38 creatures vanquished.

Notes
Turn   | Place    | Note
-------+----------+-------------------------------------------
     0 | D:1      | Kairos the Vine Stalker Fighter began the quest for the
                  | Orb.
     0 | D:1      | Reached XP level 1. HP: 11/11 MP: 2/2
    99 | D:1      | Reached XP level 2. HP: 16/16 MP: 3/3
   264 | D:1      | Reached XP level 3. HP: 12/20 MP: 2/4
   796 | D:2      | Noticed Sigmund
  1262 | D:2      | Killed from afar by Sigmund

Skill      XL: |  1  2 |
---------------+-------+-----
Axes           | 2 |  2.3
Fighting       | 3 |  3.0
Shields        | 3 |  3.0
Armour         | |  2.9
Dodging        | |  0.1

Action                   || total
-------------------------++-------
Melee: War axe           ||    91
       Bite              ||    16
  Use: Scroll            ||     4
Armor: Scale mail        ||    60
Dodge: Dodged            ||    54
Block: Shield            ||     6
       Buckler           ||    22
